 Dungeon Crawl Stone Soup version 0.31.0-1-g2c135a0 (webtiles) character file.

Game seed: 17041991312373251339

96 samcosmo the Firebug (level 4, -2/25 HPs)
             Began as a Deep Elf Fire Elementalist on Mar 15, 2024.
             Was a Believer of Sif Muna.
             Slain by an orc
             ... wielding a +0 club
              (4 damage)
             ... on level 3 of the Dungeon.
             The game lasted 00:06:02 (2319 turns).

samcosmo the Firebug (Deep Elf Fire Elementalist)   Turns: 2319, Time: 00:06:03

Health: -2/25      AC:  3    Str:  5    XL:     4   Next: 41%
Magic:  2/21       EV: 13    Int: 22    God:    Sif Muna [**....]
Gold:   131        SH:  5    Dex: 15    Spells: 8/11 levels left

rFire   . . .        q - staff of conjuration
rCold   . . .        (no shield)
rNeg    . . .        a - +0 robe
rPois   .            j - +0 helmet
rElec   .            (no cloak)
rCorr   .            (no gloves)
SInv    .            (no boots)
Will    .....        d - amulet of reflection
Stlth   ++           h - ring of magical power
HPRegen 0.24/turn    (no ring)
MPRegen 0.17/turn

%: reflection
@: no status effects
A: no striking features
a: Renounce Religion, Channel Magic


You were on level 3 of the Dungeon.
You worshipped Sif Muna.
Sif Muna was pleased with you.
You visited 1 branch of the dungeon, and saw 3 of its levels.

You collected 131 gold pieces.

Inventory:

Armour
 a - a +0 robe (worn)
 j - a +0 helmet (worn)
Magical Staves
 q - a staff of conjuration (weapon)
Jewellery
 d - an amulet of reflection (around neck)
 h - a ring of magical power (left hand)
 m - a ring of protection from fire
Scrolls
 g - a scroll of immolation
Potions
 b - a potion of magic
 c - a potion of curing {unknown}
 e - a potion of degeneration
 i - 2 potions of brilliance
 k - a potion of berserk rage
 l - a potion of mutation
 n - a potion of ambrosia
 o - a potion of lignification
 p - a potion of heal wounds


   Skills:
 + Level 1.1 Fighting
 + Level 3.2 Dodging
 - Level 2.4 Stealth
 + Level 4.0 Spellcasting
 - Level 1.1 Conjurations
 * Level 4.3 Fire Magic
 + Level 1.0 Invocations


You had 8 spell levels left.
You knew the following spells:

 Your Spells              Type           Power      Damage    Failure   Level
a - Foxfire               Conj/Fire      96%        2x1d8     3%          1
b - Scorch                Fire           46%        2d6       2%          2

Your spell library contained the following spells:

 Spells                   Type           Power      Damage    Failure   Level
 Inner Flame              Hex/Fire       13%        N/A       14%         3
 Volatile Blastmotes      Fire/Tloc      26%        2d12      14%         3
 Flame Wave               Conj/Fire      24%        2d8       36%         4


Dungeon Overview and Level Annotations

Branches:
Dungeon (3/15)

Altars:
Sif Muna


Message History

You are too injured to fight recklessly!
You hit the goblin.
The goblin is heavily wounded.
The goblin closely misses you.
You hit the goblin but do no damage.
The goblin is heavily wounded.
The goblin closely misses you.
The giant cockroach waves its antennae.
You closely miss the goblin.
The goblin is heavily wounded.
The goblin hits you with a +0 club. x2
* * * LOW HITPOINT WARNING * * *
Casting: Scorch (safe; 3% risk of failure)
Confirm with . or Enter, or press ? or * to list all spells.
Flames lash the giant cockroach.
You kill the giant cockroach!
Sif Muna accepts your kill. The goblin barely misses you.
Casting: Scorch (safe; 3% risk of failure)
Confirm with . or Enter, or press ? or * to list all spells.
Flames lash the goblin.
You kill the goblin!
Sif Muna accepts your kill.
You barely miss the orc. The orc closely misses you.
You closely miss the orc. The orc closely misses you.
You hit the orc.
The orc is moderately wounded.
The orc misses you.
You hit the orc. You punch the orc, but do no damage.
The orc is almost dead.
The orc hits you but does no damage. The orc hits you with a +0 club.
* * * LOW HITPOINT WARNING * * *
You closely miss the orc.
The orc is almost dead.
The orc closely misses you.
You closely miss the orc.
The orc is almost dead.
The orc sings a few bars from the Orcish anthem.
The orc hits you with a +0 club.
You die...

####### ########### ......#
#.........#
......#############.........#
......'.........@o.†.....>..#
......###############......#*
......# **********#.†...?#
......# *,,,,,,,,*#o.....#
......# ***,,*****,,#)../..#
#.#...#**,,,*,***,#........#
#.#...#*,,,*,*,*,#B#.†.....#
..#...#*,,,**,*,#.*#.......#
###...#*,*,***,#?**#.####.##


You could see an orc.

Vanquished Creatures
  3 adders (D:3)
  A dart slug (D:3)
  A ribbon worm (D:2)
  5 endoplasms
  2 giant cockroaches (D:3)
  8 goblins
  10 hobgoblins
  4 quokkas
  2 ball pythons
  3 bats
  12 frilled lizards
  5 kobolds
  8 rats
64 creatures vanquished.

Vanquished Creatures (others)
  175 foxfires
175 creatures vanquished.

Grand Total: 239 creatures vanquished

Notes
Turn   | Place    | Note
-------+----------+-------------------------------------------
     0 | D:1      | samcosmo the Deep Elf Fire Elementalist began the quest for
                  | the Orb.
     0 | D:1      | Reached XP level 1. HP: 10/10 MP: 6/6
   390 | D:1      | Found a faded altar of an unknown god.
   396 | D:1      | Reached XP level 2. HP: 16/16 MP: 5/8
   747 | D:1      | You fall into a shaft and drop 1 floor!
   788 | D:2      | Found a shimmering blue altar of Sif Muna.
   797 | D:2      | Became a worshipper of Sif Muna the Loreminder
  1035 | D:2      | Reached XP level 3. HP: 20/20 MP: 10/10
  1502 | D:1      | Reached * piety under Sif Muna
  2037 | D:3      | Reached skill level 1 in Fighting
  2133 | D:3      | Learned a level 2 spell: Scorch
  2176 | D:3      | Reached XP level 4. HP: 25/25 MP: 11/11
  2301 | D:3      | Reached skill level 1 in Invocations
  2313 | D:3      | Reached ** piety under Sif Muna
  2319 | D:3      | Slain by an orc

Illustrated notes

Levels and vault maps discovered:
D:1:      saegor_arrival_simple_d, layout_loops_ring,
          hellmonk_ecumenical_altar_blasted, kennysheep_minor_cross,
          minmay_lizard_king
D:2:      layout_basic, basic_altar, minmay_goblin_outpost
D:3:      layout_basic, nicolae_overflow_ecumenical_swirl, minmay_circle_x,
          uniq_terence

Skill      XL: |  1  2  3  4 |
---------------+-------------+-----
Dodging        | 3 |  3.2
Fire Magic     | 4 |  4.3
Fighting       | 1 |  1.1
Spellcasting   | 4 |  4.0
Invocations    | 1 |  1.0
Stealth        | |  2.4
Conjurations   | |  1.1

Action                     |  1- 3 |  4- 6 || total
---------------------------+-------+-------++-------
  Melee: Staff             |     4 |     9 ||    13
         Punch             |       |     1 ||     1
   Cast: Foxfire           |   108 |       ||   108
         Scorch            |     3 |    14 ||    17
    Use: Scroll            |     9 |       ||     9
 Armour: Robe              |     6 |     8 ||    14
  Dodge: Dodged            |     8 |     7 ||    15
  Block: Other             |     2 |     2 ||     4
         Reflection        |     1 |       ||     1
